[Event "*** SCC Grand Prix: Titled Tuesday Blitz"]
[Site "Chess.com"]
[Date "2020.06.02"]
[Round "6"]
[White "JuliaEfremova"]
[Black "djano"]
[Result "1/2-1/2"]
[WhiteElo "2238"]
[BlackElo "2425"]
[TimeControl "180+1"]
[EndTime "11:09:12 PDT"]
[Termination "Game drawn by repetition"]

1. d4 Nf6 2. Bf4 Nh5 3. Bg5 h6 4. Bh4 g5 5. e3 Nf6 6. Bg3 Bg7 7.
Bd3 b6 8. h4 Bb7 9. hxg5 hxg5 10. Rxh8+ Bxh8 11. f3 d6 12. Nd2 Nbd7 13. Qe2 e5 14.
O-O-O Qe7 15. Nh3 Nh5 16. Bf2 Ng7 17. Rh1 O-O-O 18. Ne4 exd4 19. Nexg5 dxe3 20. Qxe3 Qf6 21. c3 Ne5 22. Bc2 Ne6 23. Ne4 Qg7 24. g4 d5 25.
Nd2 d4 26. cxd4 Nxd4 27. Be4 Nec6 28. Nc4 b5 29. Nd2 Nxf3 30. Bxf3 Qxb2+ 31. Kd1 Nd4 32. Bxb7+ Kxb7 33. Qe4+ Kb8 34. Bxd4 Rxd4 35. Qe8+ Kb7 36.
Rh2 Qb1+ 37. Ke2 Qd3+ 38. Kd1 Qb1+ 39. Ke2 Qd3+ 40. Kd1 Qb1+ 1/2-1/2

[Event "*** SCC Grand Prix: Titled Tuesday Blitz"]
[Site "Chess.com"]
[Date "2020.06.02"]
[Round "6"]
[White "Alohamora11"]
[Black "emperor87"]
[Result "1-0"]
[WhiteElo "2434"]
[BlackElo "2575"]
[TimeControl "180+1"]
[EndTime "11:09:13 PDT"]
[Termination "Alohamora11 won by resignation"]

1. e4 c6 2. d4 d5 3. exd5 cxd5 4. c4 Nf6 5. Nc3 Be6 6. Bg5 Nc6 7. Be2 g6 8. Bf3 Bf5 9. cxd5 Nb8 10. d6 Nc6 11. Qa4 Bd7 12. O-O-O Bg7 13. Qa3 O-O 14. Bxc6 Bxc6 15. dxe7 Qd7 16. Bxf6 Rfc8 17. Bxg7 Bxg2 18. Ne2 Bxh1 19. Rxh1 Kxg7 20. Rd1 Re8 21. Ng3 Rxe7 22. Qc5 Rc8 23. Qg5 Re6 24. Nf5+ Kh8 25. Ne3 f5 26. Kb1 Qf7 27. d5 Rd6 28. Qf4 Qf6 29. Nc4 Rdd8 30.
Qe5 Kg7 31. Qxf6+ Kxf6 32. Ne3 a6 33. f4 Rd6 34. Kc2 b5 35. a3 Re8 36. Kd3 h6 37. h4 Rd7 38. b4 Rde7 39. Nc2 Rd8 40. Nd4 Red7 41. Nc6 Re8 42. Ne5 Rxe5 43. fxe5+ Kxe5 44. Re1+ Kf4 45. Kd4 g5 46. hxg5 hxg5 47. Re6 g4 48. d6 g3 49. Nd5+ Kg5 50. Re8 Rg7 51. Ke3 Kh4 52. Kf3 g2 53. Rh8+ Kg5 54. Kxg2 1-0

[Event "*** SCC Grand Prix: Titled Tuesday Blitz"]
[Site "Chess.com"]
[Date "2020.06.02"]
[Round "6"]
[White "queen_iryna"]
[Black "isainz"]
[Result "1-0"]
[WhiteElo "2267"]
[BlackElo "2133"]
[TimeControl "180+1"]
[EndTime "11:09:13 PDT"]
[Termination "queen_iryna won on time"]

1. d4 e6 2. e4 d5 3. Nc3 Bb4 4. e5 c5 5. a3 Bxc3+ 6. bxc3 Qa5 7. Bd2 Qa4 8. Qg4 g6 9. Nf3 Qxc2 10. Bb5+ Bd7 11. a4 Bxb5 12. axb5 Qd3 13. b6 Nc6 14. dxc5 Nge7 15. bxa7 Rxa7 16. Rxa7 Nxa7 17. Qg5 Qe4+ 18.
Qe3 Qxe3+ 19. Bxe3 Nac6 20. Ke2 Kd7 21. Rb1 Kc7 22.
Ra1 h6 23. Bd4 g5 24. h3 Nf5 25. Kd3 Rg8 26. Ra4 g4 27. hxg4 Rxg4 28. g3 Nfxd4 29. cxd4 h5 30. Ra8 Rg7 31. Rh8 b6 32. cxb6+ Kxb6 33.
Rxh5 Rg4 34. Rg5 Rxg5 35. Nxg5 Nd8 36. f4 Kc6 37. g4 Kd7 38. f5 1-0

[Event "*** SCC Grand Prix: Titled Tuesday Blitz"]
[Site "Chess.com"]
[Date "2020.06.02"]
[Round "6"]
[White "MartinMatthiesen"]
[Black "Haykoooo0o"]
[Result "0-1"]
[WhiteElo "2360"]
[BlackElo "2567"]
[TimeControl "180+1"]
[EndTime "11:09:14 PDT"]
[Termination "Haykoooo0o won on time"]

1. d4 Nf6 2. c4 c5 3. d5 b5 4.
cxb5 a6 5. bxa6 g6 6. Nc3 Bg7 7. e4 O-O 8. Nf3 Qa5 9. Bd2 Bxa6 10. Be2 Bxe2 11. Qxe2 Qa6 12. Qxa6 Nxa6 13. Ke2 d6 14. h3 Rfb8 15. Rhb1 Nb4 16. Ne1 Nd7 17. Nd1 Ne5 18. a3 Na6 19. Ne3 Rb3 20. Bc3 Rab8 21. f4 Nd7 22. Bxg7 Kxg7 23. Nc4 Nf6 24. Nd2 Rxb2 25. Rxb2 Rxb2 26. Nd3 Rc2 27. Kd1 Rc3 28. Ke2 c4 29. Nb4 Nc5 30. a4 Nb3 31. Nxb3 Rxb3 32. Nc6 Nxe4 33. a5 Nc3+ 34. Kd2 Nxd5 35. a6 Rb2+ 36.
Kc1 Rxg2 37. Ra4 c3 38. Nd4 Ne3 39. Kb1 c2+ 40. Kb2 Rg1 41. Nxc2 Rg2 42. a7 Rxc2+ 43. Kb3 Rc8 44. a8=Q Rxa8 45. Rxa8 Nd5 46. Ra4 Kf6 0-1

[Event "*** SCC Grand Prix: Titled Tuesday Blitz"]
[Site "Chess.com"]
[Date "2020.06.02"]
[Round "6"]
[White "HanSchut"]
[Black "Aguiar94"]
[Result "0-1"]
[WhiteElo "2208"]
[BlackElo "2419"]
[TimeControl "180+1"]
[EndTime "11:09:14 PDT"]
[Termination "Aguiar94 won by checkmate"]

1. e4 c5 2. Nf3 e6 3. c4 Nc6 4. Nc3 Nd4 5. Be2 Ne7 6. O-O Nec6 7. d3 d6 8. Be3 h6 9. Rb1 g5 10. a3 a5 11. Nb5 Bg7 12. Bxd4 cxd4 13. b4 axb4 14.
axb4 O-O 15. c5 dxc5 16. bxc5 Ra5 17. Qb3 Qe7 18. Rfc1 e5 19. Nd6 Ra7 20. Nd2 Be6 21. Qb6 Rb8 22. N2c4 Ra6 23. Qb2 Bxc4 24. Rxc4 b6 25. Rb4 Nxb4 26. Qxb4 Bf8 27. Qb5 Ra5 28. Qxa5 bxa5 29. Rxb8 Qa7 30. Rb7 Qxc5 31. Ne8 Qc6 32. Rb8 a4 33. h4 a3 34. hxg5 a2 35. gxh6 a1=Q+ 36. Kh2 Qxh6+ 37. Kg3 Qg5+ 38. Bg4 Qf4+ 39. Kh3 Qh1# 0-1

[Event "*** SCC Grand Prix: Titled Tuesday Blitz"]
[Site "Chess.com"]
[Date "2020.06.02"]
[Round "6"]
[White "LileKoridze"]
[Black "Yoshikrov"]
[Result "1-0"]
[WhiteElo "2312"]
[BlackElo "2045"]
[TimeControl "180+1"]
[EndTime "11:09:15 PDT"]
[Termination "LileKoridze won on time"]

1. d4 Nf6 2. c4 g6 3. Nc3 d5 4. Nf3 Bg7 5. Bg5 c6 6. e3 O-O 7. Bd3 Be6 8. cxd5 cxd5 9. O-O Nc6 10. a3 Rc8 11. Rc1 Qd7 12. h3 Bf5 13. Be2 Ne4 14. Bf4 Rfe8 15. Nd2 Nxc3 16. Rxc3 e5 17. dxe5 Nxe5 18. Rxc8 Rxc8 19. Nf3 Bc2 20. Qd2 Nxf3+ 21. Bxf3 Bxb2 22. Bxd5 Bxa3 23. Qd4 Bc5 24. Qc3 Qxd5 25.
Bh6 f6 26. Qxc2 b6 27. Rd1 Qf7 28. Qd3 Bf8 29. Bf4 Re8 30. Qa6 Re7 31. Qc8 Kg7 32.
Rd8 g5 33. Bd6 1-0

[Event "*** SCC Grand Prix: Titled Tuesday Blitz"]
[Site "Chess.com"]
[Date "2020.06.02"]
[Round "6"]
[White "RobertoJBM"]
[Black "ChessWarrior7197"]
[Result "1-0"]
[WhiteElo "2638"]
[BlackElo "2891"]
[TimeControl "180+1"]
[EndTime "11:09:16 PDT"]
[Termination "RobertoJBM won by checkmate"]

1. d4 d5 2. c4 e6 3. Nc3 c5 4. cxd5 exd5 5. Nf3 Nc6 6. e3 Nf6 7. Be2 a6 8. O-O c4 9. Ne5 Bd6 10. f4 O-O 11. Bf3 Ne7 12. g4 Bc7 13. g5 Ne8 14.
Qe2 Ba5 15. Bd2 Bf5 16. Qg2 Nc7 17. h4 Kh8 18. Kh2 b5 19. h5 f6 20. gxf6 gxf6 21. Rg1 Ne6 22. Ng4 Bxc3 23. Bxc3 a5 24. Be1 Rg8 25.
Bh4 Qf8 26. Bxf6+ Qxf6 27. Nxf6 Rxg2+ 28. Rxg2 b4 29. Nxd5 Nxd5 30. Bxd5 Rc8 31. Bxe6 Bxe6 32. e4 Bf7 33. f5 Bxh5 34. e5 Bg4 35. Rxg4 c3 36. bxc3 bxc3 37. f6 c2 38. e6 h5 39.
f7 hxg4 40. e7 Kg7 41. e8=Q c1=Q 42. f8=Q+ Kh7 43. Qef7# 1-0

[Event "*** SCC Grand Prix: Titled Tuesday Blitz"]
[Site "Chess.com"]
[Date "2020.06.02"]
[Round "6"]
[White "Rish_97"]
[Black "LuckSlayeer"]
[Result "1-0"]
[WhiteElo "2638"]
[BlackElo "2455"]
[TimeControl "180+1"]
[EndTime "11:09:16 PDT"]
[Termination "Rish_97 won by resignation"]

1. e4 c5 2. Nf3 Nc6 3. Bb5 g6 4. O-O Bg7 5. c3 a6 6. Ba4 Nf6 7. Re1 b5 8. Bc2 c4 9. e5 Ng4 10. Be4 Qb6 11. Qe2 Bb7 12. Bxc6 Bxc6 13. h3 Nh6 14. Nd4 O-O 15. d3 cxd3 16. Qxd3 f6 17.
exf6 exf6 18. Bf4 Nf7 19. Nd2 Ne5 20. Qg3 Bb7 21. Rad1 Rae8 22. Nf1 Nc4 23. b3 Ne5 24. Ne3 Ba8 25. h4 Qb7 26. h5 Rc8 27. hxg6 hxg6 28. Ne2 Rfd8 29. Bxe5 fxe5 30. Qxg6 d6 31. Nf5 Rc7 32.
Rxd6 Rxd6 33. Nxd6 Qc6 34. Qe8+ Qxe8 35. Nxe8 Re7 36.
Nxg7 Rxg7 37. Ng3 e4 38. Nxe4 Re7 39. Nf6+ Kf7 40. Rxe7+ Kxe7 41. Ng4 1-0

[Event "*** SCC Grand Prix: Titled Tuesday Blitz"]
[Site "Chess.com"]
[Date "2020.06.02"]
[Round "6"]
[White "iaraldinho"]
[Black "Enriquack"]
[Result "1-0"]
[WhiteElo "2629"]
[BlackElo "2351"]
[TimeControl "180+1"]
[EndTime "11:09:16 PDT"]
[Termination "iaraldinho won by resignation"]

1. e4 c5 2. Nf3 e6 3. d4 cxd4 4. Nxd4 Nc6 5. Nc3 Qc7 6. Be2 Nf6 7. O-O Be7 8. Be3 O-O 9. f3 a6 10. Qe1 b5 11. a3 Bb7 12. Qf2 Ne5 13. g4 d6 14.
Rad1 Nfd7 15. f4 Nc4 16. Bxc4 bxc4 17. g5 g6 18. f5 e5 19. f6 Bd8 20. Qh4 exd4 21.
Qh6 Nxf6 22. gxf6 Bxf6 23. Rxf6 dxe3 24. Qxe3 Rfe8 25. Rfxd6 Qe7 26. Rd7 Qh4 27. Rxb7 Re5 28. Kh1 Rae8 29. Qf3 f5 30. Nd5 Kh8 31. Nc3 fxe4 32.
Qg3 Qf6 33. Qg2 Qf3 34. Rf1 Qh5 35. Rff7 e3 36. Rxh7+ Qxh7 37. Rxh7+ Kxh7 38. Qh3+ Kg7 39. Qg4 Rd8 40. Qxc4 Rd1+ 41. Nxd1 1-0

[Event "*** SCC Grand Prix: Titled Tuesday Blitz"]
[Site "Chess.com"]
[Date "2020.06.02"]
[Round "6"]
[White "EfrenRamos1"]
[Black "SaqoChess_Twitch"]
[Result "0-1"]
[WhiteElo "2187"]
[BlackElo "2406"]
[TimeControl "180+1"]
[EndTime "11:09:16 PDT"]
[Termination "SaqoChess_Twitch won on time"]

1. d4 d5 2. c4 e6 3. Nf3 Nf6 4. g3 Be7 5. Bg2 O-O 6. O-O dxc4 7. Ne5 Nc6 8. Bxc6 bxc6 9. Nxc6 Qe8 10. Nxe7+ Qxe7 11. b3 e5 12. Ba3 Qe6 13. Bxf8 Kxf8 14. dxe5 Qxe5 15. Qd8+ Ne8 16. Na3 Qe4 17. Qd2 c3 18. Qxc3 Bh3 19. f3 Qxe2 20. Rf2 Qe7 21. Nc4 Rd8 22. Re1 Qd7 23. Rfe2 Nf6 24. Ne5 Qd5 25. Nc6 Rd6 26. Nb4 Qb7 27. Qc5 g6 28. Qc3 h5 29.
Re8+ Kg7 30. R8e7 Qb6+ 31. R7e3 a5 32. Nc2 Kh7 33. Kh1 Nd5 34. Qc4 Be6 35. R3e2 Nb4 36. Qc3 Nxa2 37. Qf6 Bxb3 38. Qg5 Re6 39. Rxe6 Bxe6 40.
Ne3 Qb4 41. Rd1 Nc3 42. Rd8 Qb1+ 43. Kg2 Qb2+ 44. Kg1 Ne2+ 45. Kf2 Nd4+ 0-1

[Event "*** SCC Grand Prix: Titled Tuesday Blitz"]
[Site "Chess.com"]
[Date "2020.06.02"]
[Round "6"]
[White "xamax2000"]
[Black "adriangschnitzer"]
[Result "1-0"]
[WhiteElo "2645"]
[BlackElo "2458"]
[TimeControl "180+1"]
[EndTime "11:09:17 PDT"]
[Termination "xamax2000 won on time"]

1. e4 c6 2. d4 d5 3. e5 c5 4. Nf3 Bg4 5. dxc5 Nc6 6. c3 e6 7. Be3 Bxf3 8. Qxf3 Nxe5 9. Bb5+ Nc6 10. c4 a6 11. Ba4 Bxc5 12. Bxc6+ bxc6 13. Bxc5 Nf6 14. Nc3 dxc4 15. Qxc6+ Nd7 16. O-O-O Rc8 17. Qa4 Rxc5 18. Rd6 Ra5 19. Qb4 Qb8 20. Qxa5 Qxd6 21. Rd1 Qb6 22.
Qa4 Qb7 23. f3 Ke7 24. Qa3+ Kf6 25. Ne4+ Kg6 26. Qd6 f5 27. Qxe6+ Nf6 28. Nxf6 gxf6 29. Rd7 Qb4 30. Qf7+ Kg5 31. Qg7+ Kf4 32. Qg3+ Ke3 33. Re7+ Kd3 34. Qf2 1-0

[Event "*** SCC Grand Prix: Titled Tuesday Blitz"]
[Site "Chess.com"]
[Date "2020.06.02"]
[Round "6"]
[White "mjray79"]
[Black "sergeikim"]
[Result "0-1"]
[WhiteElo "2306"]
[BlackElo "2469"]
[TimeControl "180+1"]
[EndTime "11:09:17 PDT"]
[Termination "sergeikim won by checkmate"]

1. d4 Nf6 2. c4 g6 3. Nc3 Bg7 4. e4 d6 5. Nge2 O-O 6. Ng3 e5 7. d5 a5 8. Be2 Na6 9. h4 h6 10.
Be3 Nc5 11. Qd2 Kh7 12. Bxc5 dxc5 13. f4 exf4 14. Qxf4 Nd7 15. h5 a4 16. a3 Ne5 17.
O-O-O Qe7 18. d6 cxd6 19. Nd5 Qd8 20. Nf1 Be6 21. Nfe3 Ra6 22. g4 Kg8 23. Rhg1 g5 24.
Qf2 Nc6 25. Nf5 Bxf5 26. gxf5 Be5 27. f6 Qd7 28. Bg4 Qd8 29. Bf5 Rb6 30. Qd2 Bxf6 31.
Nxb6 Qxb6 32. Qc2 Nd4 33. Qxa4 Ne2+ 34. Kd2 Qxb2+ 35. Ke3 Nxg1 36. Rxg1 Qd4+ 37. Kf3 Qxg1 38. Qd7 Qf1+ 39. Kg4 Qf4+ 40. Kh3 g4+ 41. Bxg4 Kg7 42. Qxb7 Be5 43. Qb3 Rb8 44. Qd3 Rb2 45. Bf3 Qg3# 0-1

[Event "*** SCC Grand Prix: Titled Tuesday Blitz"]
[Site "Chess.com"]
[Date "2020.06.02"]
[Round "6"]
[White "The_Machine04"]
[Black "flexova"]
[Result "0-1"]
[WhiteElo "2295"]
[BlackElo "2466"]
[TimeControl "180+1"]
[EndTime "11:09:17 PDT"]
[Termination "flexova won on time"]

1. d4 Nf6 2. Bg5 c5 3. Bxf6 gxf6 4. d5 Qb6 5. Qc1 f5 6. c4 Bg7 7. Nc3 d6 8. e3 Nd7 9. Qc2 Ne5 10. Be2 Bd7 11.
Nh3 O-O-O 12. Nf4 Ng6 13. Nh5 Bh6 14. f4 Rhg8 15. O-O-O Qa5 16. Kb1 e5 17. g3 e4 18.
Nf6 Rh8 19. Nxd7 Rxd7 20. Bf1 Ne7 21. Bh3 Bg7 22. Rc1 h5 23. Rhg1 Bf6 24. Nxe4 fxe4 25. Bxd7+ Kxd7 26. Qxe4 Re8 27. Rc2 b5 28. Qh7 bxc4 29.
Qxf7 Bh8 30. Qe6+ Kc7 31. e4 c3 32. b3 Qb5 33. e5 Nc8 34. exd6+ Nxd6 35. Qg6 Bd4 36.
Qh7+ Qd7 37. Qxh5 Bxg1 38. Qf3 Bd4 0-1

[Event "*** SCC Grand Prix: Titled Tuesday Blitz"]
[Site "Chess.com"]
[Date "2020.06.02"]
[Round "6"]
[White "tvjosue"]
[Black "Maghalashvili"]
[Result "0-1"]
[WhiteElo "2594"]
[BlackElo "2785"]
[TimeControl "180+1"]
[EndTime "11:09:18 PDT"]
[Termination "Maghalashvili won on time"]

1. b3 Nf6 2. Bb2 g6 3. Bxf6 exf6 4. e3 h5 5. c4 b6 6. Nc3 Bb7 7. Nf3 f5 8. d4 d6 9. Be2 Nd7 10. O-O Nf6 11. Re1 Bg7 12. Rc1 O-O 13. d5 Ne4 14.
Nb5 Qe7 15. Nbd4 Rfe8 16. Bf1 Bf6 17. Nd2 Kg7 18. Nxe4 fxe4 19. b4 a5 20. a3 axb4 21.
axb4 Be5 22. Qd2 Ra4 23. c5 Rea8 24. cxb6 cxb6 25. Nc6 Qf6 26. Rc2 Ra3 27. Rec1 h4 28. b5 h3 29. g3 Qf5 30. Nxe5 dxe5 31. d6 Rd3 32. Qb4 Bd5 33. d7 Qxd7 34. Rc7 Qf5 35.
R7c2 Rd8 36. Qe7 Bb3 37. Rb2 Rd2 38. Rxd2 Rxd2 39. f4 exf3 40. Rc8 f2+ 0-1

[Event "*** SCC Grand Prix: Titled Tuesday Blitz"]
[Site "Chess.com"]
[Date "2020.06.02"]
[Round "6"]
[White "GMTalks_Youtube"]
[Black "Arkady_Gitelson"]
[Result "1-0"]
[WhiteElo "2672"]
[BlackElo "2477"]
[TimeControl "180+1"]
[EndTime "11:09:18 PDT"]
[Termination "GMTalks_Youtube won on time"]

1. d4 Nf6 2. c4 c5 3. d5 b5 4. Qc2 bxc4 5. e4 d6 6. Bxc4 g6 7. Nf3 Bg7 8. O-O O-O 9. Re1 a5 10.
Nc3 Ba6 11. b3 Bxc4 12. bxc4 Na6 13. a3 Rb8 14. Bd2 Nd7 15. Rab1 Ne5 16. Nxe5 Bxe5 17. Nb5 e6 18. f4 Bg7 19. dxe6 fxe6 20. Qd3 Qh4 21.
g3 Qh3 22. Bxa5 Rxf4 23. Rf1 Be5 24. Rxf4 Bxf4 25. Rf1 Be5 26. Bc3 Qh5 27. Bxe5 Qxe5 28. Qf3 Qg7 29. Nxd6 Nc7 30. e5 Rd8 31. Qf4 g5 32.
Qe4 Ne8 33. Rf7 Qh6 34. Nxe8 Rxe8 35. Rf6 Qh3 36. Qe3 Rd8 37. Qxg5+ Kh8 38. Rf1 Re8 39.
Qf6+ Kg8 40. Qf7+ 1-0

[Event "*** SCC Grand Prix: Titled Tuesday Blitz"]
[Site "Chess.com"]
[Date "2020.06.02"]
[Round "6"]
[White "ErikRonka"]
[Black "Lubov_Gordyk"]
[Result "0-1"]
[WhiteElo "2399"]
[BlackElo "2584"]
[TimeControl "180+1"]
[EndTime "11:09:18 PDT"]
[Termination "Lubov_Gordyk won by resignation"]

1. d4 c5 2. d5 f5 3. e4 fxe4 4. Nc3 Nf6 5. g4 e6 6. g5 Nxd5 7. Nxd5 exd5 8. Qxd5 Nc6 9. Qxe4+ Ne7 10. Nf3 d5 11.
Bb5+ Bd7 12. Bxd7+ Qxd7 13. Qe5 Qg4 14. Qe2 O-O-O 15.
Bd2 Ng6 16. h3 Qe4 17. Qxe4 dxe4 18. Ng1 Bd6 19. Ne2 Rhf8 20. Be3 Be5 21. c3 b6 22. h4 Rd7 23. Rd1 Rxd1+ 24. Kxd1 Kd7 25. a4 Ke6 26. a5 Ne7 27. Ng3 Bxg3 28. fxg3 Rf3 29. Bf4 Nd5 30. Bb8 bxa5 31. Bxa7 c4 32. Bb8 Kf5 33.
Re1 e3 34. Ba7 Ke4 35. Kc2 Rf2+ 36. Kb1 Rg2 37. Rd1 e2 38. Re1 Kd3 39. Bb8 Ne3 40.
Kc1 Nc2 0-1

[Event "*** SCC Grand Prix: Titled Tuesday Blitz"]
[Site "Chess.com"]
[Date "2020.06.02"]
[Round "6"]
[White "Logman74"]
[Black "AleksanderHnydiuk"]
[Result "0-1"]
[WhiteElo "2371"]
[BlackElo "2566"]
[TimeControl "180+1"]
[EndTime "11:09:18 PDT"]
[Termination "AleksanderHnydiuk won on time"]

1. e4 c5 2. Nf3 e6 3. d4 cxd4 4. Nxd4 Nc6 5. Nxc6 bxc6 6. Bd3 d5 7. O-O Nf6 8. Nd2 Be7 9. Qf3 O-O 10. b3 a5 11.
Bb2 Ba6 12. c4 a4 13. Rad1 Qa5 14. e5 Nd7 15. Qh3 g6 16. Nf3 axb3 17. axb3 Qa2 18. Bc1 Qxb3 19. Nd4 Qb7 20. Bh6 Nxe5 21. Bxf8 Rxf8 22.
Nxe6 fxe6 23. Qxe6+ Nf7 24. cxd5 Bxd3 25. dxc6 Qa6 26.
Rfe1 Bb4 27. Re3 Bf5 28. Qb3 Bc5 29. Rc3 Qb6 30. Qxb6 Bxb6 31. c7 Rc8 32. Rb1 Bxb1 33. Rb3 Bxf2+ 34. Kxf2 Bf5 35. Rc3 Kf8 36. h3 Nd6 37.
Ke3 Ke7 38. g4 Be6 39. Kf4 Nf7 40. h4 h6 41. h5 g5+ 42. Kg3 Kd6 43. Rd3+ Kxc7 44.
Re3 Kd6 45. Rd3+ Ke7 0-1

[Event "*** SCC Grand Prix: Titled Tuesday Blitz"]
[Site "Chess.com"]
[Date "2020.06.02"]
[Round "6"]
[White "Ave_Mariia"]
[Black "Unknown_IM"]
[Result "1-0"]
[WhiteElo "2316"]
[BlackElo "2500"]
[TimeControl "180+1"]
[EndTime "11:09:18 PDT"]
[Termination "Ave_Mariia won by resignation"]

1. c4 Nf6 2. Nc3 c5 3. Nf3 b6 4. g3 Bb7 5. Bg2 e6 6. O-O Be7 7. d3 O-O 8. e4 d6 9. h3 a6 10. Be3 Nbd7 11. Nh2 Ra7 12. f4 Qa8 13. Nf3 Qb8 14. f5 d5 15. cxd5 exd5 16. Bf4 Bd6 17.
Nd2 d4 18. Ne2 Ne5 19. Nf3 b5 20. Rc1 Rc8 21. Kh1 Ba8 22. Neg1 Re7 23. g4 h6 24. g5 Nxf3 25. Bxd6 Qxd6 26. Nxf3 Nh5 27. e5 Rxe5 28.
Nxe5 Qxe5 29. Qxh5 Bxg2+ 30. Kxg2 Qd5+ 31. Qf3 Qe5 32. gxh6 gxh6 33. Rce1 Qf6 34. Qg4+ Kh7 35. Kh1 Rg8 36. Qf3 Qh4 37. Rg1 f6 38. Re7+ Rg7 39. Rgxg7+ Kh8 1-0

[Event "*** SCC Grand Prix: Titled Tuesday Blitz"]
[Site "Chess.com"]
[Date "2020.06.02"]
[Round "6"]
[White "Kildepiotr"]
[Black "NemtsevIgor"]
[Result "1-0"]
[WhiteElo "2467"]
[BlackElo "2299"]
[TimeControl "180+1"]
[EndTime "11:09:18 PDT"]
[Termination "Kildepiotr won by resignation"]

1. Nf3 c6 2. g3 d6 3. Bg2 h6 4. d4 g5 5. O-O Bg7 6. e4 Nd7 7. c3 g4 8. Nfd2 h5 9. f4 gxf3 10. Qxf3 Ngf6 11. Nc4 b5 12. Ne3 Qb6 13. Nf5 Rg8 14. Bg5 Bh8 15. Bh4 Ne5 16. Qe2 Bxf5 17. Rxf5 Ng6 18. Bxf6 Bxf6 19. Nd2 h4 20. g4 h3 21.
Bxh3 O-O-O 22. Kh1 Kb8 23. g5 Bg7 24. Rxf7 e5 25.
Raf1 Nf4 26. R1xf4 exf4 27. Rxf4 Rh8 28. Bf5 Bxd4 29.
cxd4 Qxd4 30. Nf3 Qc5 31. Kg2 Qc1 32. Qd2 Qc5 33. g6 d5 34. e5 Rdg8 35. h4 Qe7 36.
Rg4 Rg7 37. Qg5 Qc5 38. h5 Rc7 39. g7 d4 40. gxh8=Q+ Kb7 41. Qgd8 Qc1 42. Qb8+ Ka6 43. Bc8+ Ka5 44. Qxc7+ Kb4 45. Qf8+ c5 46. Rxd4+ Qc4 47. Qfxc5+ 1-0

[Event "*** SCC Grand Prix: Titled Tuesday Blitz"]
[Site "Chess.com"]
[Date "2020.06.02"]
[Round "6"]
[White "angryhorse9"]
[Black "Misticpikachu"]
[Result "0-1"]
[WhiteElo "2422"]
[BlackElo "2258"]
[TimeControl "180+1"]
[EndTime "11:09:18 PDT"]
[Termination "Misticpikachu won by checkmate"]

1. e4 c5 2. Nf3 Nc6 3. Bb5 e6 4. O-O Nge7 5. d4 cxd4 6. Nxd4 Qb6 7. Nxc6 Nxc6 8. Bd3 Be7 9. Nc3 O-O 10. a3 a6 11. Kh1 Rd8 12. Qh5 g6 13. Qh6 Bf8 14. Qh4 Be7 15. Qg3 d5 16. Rb1 d4 17. Ne2 Qc5 18. f4 b5 19. b4 Qd6 20. e5 Qd5 21. Qf2 Bb7 22. Ng3 Bh4 23. Qe2 Bxg3 24. hxg3 Kg7 25. Bd2 Ne7 26. Kh2 Rac8 27. Ra1 Nf5 28. a4 h5 29. axb5 axb5 30. Be1 Rh8 31. Bf2 h4 32. Be1 Ne3 33. Rg1 hxg3+ 34. Kxg3 Nf5+ 35. Bxf5 gxf5 36. Kf2 Rh2 37. Ra3 Rxg2+ 38. Kf1 Rxg1+ 39. Kxg1 Qh1+ 40. Kf2 Qg2# 0-1

[Event "*** SCC Grand Prix: Titled Tuesday Blitz"]
[Site "Chess.com"]
[Date "2020.06.02"]
[Round "6"]
[White "DishonorOnYourCow"]
[Black "VladimirBugayev"]
[Result "1-0"]
[WhiteElo "2290"]
[BlackElo "2151"]
[TimeControl "180+1"]
[EndTime "11:09:18 PDT"]
[Termination "DishonorOnYourCow won on time"]

1. d4 d5 2. c4 c6 3. Nf3 Nf6 4. e3 e6 5. b3 Bb4+ 6. Nbd2 Ne4 7. Bd3 f5 8. O-O Nd7 9. Qc2 O-O 10. a3 Bd6 11. Bb2 Qf6 12. h3 g5 13. Bxe4 fxe4 14. Nh2 Qf5 15. f3 exf3 16. Qxf5 exf5 17. Nhxf3 h6 18.
Ne5 Nf6 19. b4 Be6 20. Rac1 Bxe5 21. dxe5 Ne4 22. Nf3 dxc4 23. Nd4 Rae8 24. Nxe6 Rxe6 25. Rfd1 b5 26. a4 Rf7 27. Rd8+ Kh7 28. Rb8 a6 29. Rb6 Rd7 30. Rxa6 bxa4 31. Rxc4 Rd2 32. Ba3 Rxe5 33.
Rcxc6 Red5 34. Rxh6+ Kg7 35. Rhg6+ Kf7 36. Rgb6 Rd1+ 37.
Kh2 R1d3 38. Rxa4 Rxe3 39. Ra7+ 1-0

[Event "*** SCC Grand Prix: Titled Tuesday Blitz"]
[Site "Chess.com"]
[Date "2020.06.02"]
[Round "6"]
[White "fabianvivasz"]
[Black "timedothwasteme"]
[Result "1-0"]
[WhiteElo "2288"]
[BlackElo "2144"]
[TimeControl "180+1"]
[EndTime "11:09:18 PDT"]
[Termination "fabianvivasz won on time"]

1. e4 c5 2. Nc3 Nc6 3. Bb5 g6 4. Bxc6 bxc6 5. d3 Bg7 6. f4 e5 7. Nf3 d6 8. fxe5 dxe5 9. O-O Nh6 10. Be3 O-O 11. Bxc5 Re8 12. Qe1 f6 13. Rd1 Qc7 14. Qg3 f5 15. d4 fxe4 16. Nxe4 Nf5 17. Qf2 exd4 18. Rfe1 Ne3 19. Nd6 Re6 20. Nxd4 Nxd1 21. Nxe6 Bxe6 22. Rxd1 Bxb2 23. Qe3 Qd7 24. c3 Bd5 25.
Rb1 Rb8 26. Qd2 Qg4 27. Rxb2 Rxb2 28. Qxb2 Qd1+ 29. Kf2 Bc4 30. Kg3 Qd3+ 31. Kf2 Qf1+ 32. Ke3 Qd3+ 33. Kf4 Qf1+ 34. Kg3 Qd3+ 35. Kh4 Be6 36.
Qb8+ Kg7 37. Qc7+ Kh6 38. Nf5+ 1-0

[Event "*** SCC Grand Prix: Titled Tuesday Blitz"]
[Site "Chess.com"]
[Date "2020.06.02"]
[Round "6"]
[White "Reader777"]
[Black "Dr-Bassem"]
[Result "0-1"]
[WhiteElo "2605"]
[BlackElo "2800"]
[TimeControl "180+1"]
[EndTime "11:09:19 PDT"]
[Termination "Dr-Bassem won by resignation"]

1. d4 e6 2. c4 f5 3. Nc3 Nf6 4. e3 Bb4 5. Bd2 O-O 6. Bd3 Bxc3 7.
Bxc3 b6 8. Ne2 Bb7 9. f3 d6 10. O-O Nbd7 11. b4 Qe7 12. b5 a5 13. Qc2 Rae8 14.
Rae1 Nh5 15. Nf4 Qg5 16. Nh3 Qh6 17. Bd2 Qf6 18. Bc3 e5 19. f4 exf4 20. Nxf4 Nxf4 21. Rxf4 g6 22. Qf2 Qe7 23. h3 Nf6 24. d5 Nd7 25. Bxf5 Rxf5 26. Rxf5 gxf5 27. Qg3+ Kf8 28. Qf4 Ne5 29. Qxf5+ Qf7 30. Qg5 Qg7 31. Rf1+ Kg8 32. Qh5 Rf8 33. Rxf8+ Kxf8 34. Qf5+ Ke7 35. Qe6+ Kd8 36.
Kh1 Bc8 37. Bxe5 dxe5 38. Qc6 Qg6 39. Kh2 Qxc6 40. dxc6 Be6 0-1

[Event "*** SCC Grand Prix: Titled Tuesday Blitz"]
[Site "Chess.com"]
[Date "2020.06.02"]
[Round "6"]
[White "Chessmatus"]
[Black "Twitch_ElhamBlitz05"]
[Result "1-0"]
[WhiteElo "2544"]
[BlackElo "2669"]
[TimeControl "180+1"]
[EndTime "11:09:19 PDT"]
[Termination "Chessmatus won by resignation"]

1. e4 c6 2. d4 d5 3. e5 c5 4. dxc5 e6 5. Nf3 Nd7 6. a3 Nxc5 7. b4 Ne4 8. Bd3 Bd7 9. O-O a5 10. b5 Bc5 11. a4 Ne7 12. Bb2 Ng6 13. c4 Qb6 14. Qc2 Rc8 15. Bxe4 dxe4 16. Qxe4 O-O 17. Nbd2 Rfd8 18. Nb3 Be8 19. Rac1 Ne7 20. Nxc5 Qxc5 21. Qxb7 Nf5 22. Qe4 Qb4 23. Rc2 Qxa4 24. Rfc1 Bxb5 25.
g4 Bc6 26. Qf4 Bxf3 27. Qxf3 Nd4 28. Bxd4 Rxd4 29. h3 h6 30. c5 Rd5 31. c6 Rxe5 32. Rd2 Qb4 33. Rd7 Qf8 34. c7 Rb5 35. Rcd1 Kh7 36.
Rd8 Rd5 37. R1xd5 exd5 38. Rxf8 Rxf8 39. Qf5+ g6 40. c8=Q gxf5 41. Qxf8 1-0

[Event "*** SCC Grand Prix: Titled Tuesday Blitz"]
[Site "Chess.com"]
[Date "2020.06.02"]
[Round "6"]
[White "Iljushin_Alexey"]
[Black "keepitcool9499"]
[Result "1-0"]
[WhiteElo "2663"]
[BlackElo "2476"]
[TimeControl "180+1"]
[EndTime "11:09:19 PDT"]
[Termination "Iljushin_Alexey won on time"]

1. d4 e6 2. c4 d5 3. Nf3 Nf6 4. Nc3 Be7 5. Bg5 O-O 6. e3 c6 7. Rc1 Nbd7 8. a3 a6 9. Bd3 dxc4 10. Bxc4 b5 11. Ba2 Bb7 12. b4 a5 13. Rb1 axb4 14.
axb4 h6 15. Bxf6 Nxf6 16. Ne5 Nd5 17. Bxd5 exd5 18. O-O Qd6 19. Qc2 Ra3 20. Rfc1 Rfa8 21. Nd3 Qg6 22. Nc5 Qxc2 23. Rxc2 Bxc5 24. dxc5 Bc8 25.
f3 Bf5 26. e4 dxe4 27. fxe4 Be6 28. Kf2 Bc4 29. Rbb2 Rd8 30. Nb1 Ra1 31. Rd2 Rxd2+ 32.
Nxd2 Be6 33. Nf3 Bc4 34. Ne5 Rf1+ 35. Kg3 Re1 36. Nxc6 Rxe4 37. Na5 Be6 38. c6 Rd4 39. Nb7 Rd3+ 40. Kf4 Rc3 41. Nc5 Bc8 42. Ke5 Kf8 43.
Kd6 Ke8 44. Kc7 Bf5 45. Re2+ Kf8 46. Kb6 Rc4 47. Kxb5 Rc1 48. c7 1-0